 Dungeon Crawl Stone Soup version 0.25-a0-1126-g5fd7b56c60 (webtiles) character file.

Game seed: 2380417288252231333, levelgen mode: deterministic

119 Chiseanne the Skirmisher (level 4, -3/38 HPs)
             Began as a Demonspawn Wanderer on May 19, 2020.
             Slain by Grinder (8 damage)
             ... on level 3 of the Dungeon.
             The game lasted 00:04:24 (2522 turns).

Chiseanne the Skirmisher (Demonspawn Wanderer)      Turns: 2522, Time: 00:04:25

Health: -3/38      AC:  6    Str: 14    XL:     4   Next: 73%
Magic:  4/4        EV: 10    Int: 13    God:
Gold:   121        SH:  0    Dex: 12    Spells: 3/3 levels left

rFire    . . .     SeeInvis .   a - +3 hand axe
rCold    . . .     Gourm    .   (no shield)
rNeg     + . .     Faith    .   l - +0 scale mail
rPois    .         Spirit   .   (no helmet)
rElec    .         Reflect  .   (no cloak)
rCorr    +         Harm     .   (no gloves)
MR       .....                  (no boots)
Stlth    ..........             (no amulet)
HPRegen  0.12/turn              f - ring of positive energy
MPRegen  0.09/turn              p - ring of resist corrosion

@: stab
A: claws 1, powered by death 1, sturdy frame 1
a: no special abilities


You were on level 3 of the Dungeon.
You were not hungry.

You visited 1 branch of the dungeon, and saw 3 of its levels.

You collected 121 gold pieces.

Inventory:

Hand Weapons
 a - a +3 hand axe (weapon)
 s - a +1 dagger of venom
Missiles
 b - 6 silver javelins
 e - 72 stones (quivered)
 h - 26 bolts
 n - 49 sling bullets
 o - 11 poisoned darts
Armour
 l - a +0 scale mail (worn)
Jewellery
 f - a ring of positive energy (left claw)
 p - a ring of resist corrosion (right claw)
Scrolls
 g - 4 scrolls of identify
 i - 3 scrolls of remove curse
Potions
 k - a potion of flight
Comestibles
 d - 4 rations


   Skills:
 * Level 4.8 Fighting
 - Level 3.6 Axes
 * Level 2.0 Armour
 * Level 2.0 Dodging
   Level 1.0 Shields
 * Level 0.4 Spellcasting
   Level 1.0 Evocations


You had 3 spell levels left.
You didn't know any spells.
Your spell library contained the following spells:

 Spells                   Type           Power        Failure   Level  Hunger
 Corona                   Hex            #......      58%         1    ##.....
 Ensorcelled Hibernation  Hex/Ice        #.....       75%         2    ###....
 Confusing Touch          Hex            #.......     92%         3    ####...
 Dazzling Flash           Conj/Hex       #.....       92%         3    ####...
 Tukima's Dance           Hex            #.......     92%         3    ####...


Dungeon Overview and Level Annotations

Branches:
Dungeon (3/15)

Altars:
Cheibriados

Annotations:
D:3 Grinder


Innate Abilities, Weirdness & Mutations

You have sharp fingernails.
You regenerate a little health from kills.
Your movements are slightly less encumbered by armour. (ER -2)


Message History

Grinder hits you but does no damage.
All of the chunks of flesh in your inventory have rotted away.
You hit Grinder but do no damage.
Grinder is severely wounded.
Grinder gestures at you. Pain shoots through your body!
You slash Grinder!
Grinder is almost dead.
Grinder hits you.
You writhe in agony.
* * * LOW HITPOINT WARNING * * *
You hit Grinder.
Grinder is almost dead.
Grinder hits you.
* * * LOW HITPOINT WARNING * * *
You writhe in agony.
* * * LOW HITPOINT WARNING * * *
You closely miss Grinder.
Grinder is almost dead.
Grinder barely misses you. Grinder hits you!
You die...

####### ..[...#
..†...##
..††...##############
...............†@...#
.......######...K5..#
#.####...####.......###
.. ###..............##
.h ###.##.......#... ..
...##........... ..
..............####
########.......#
##.........######


You could see Grinder and a kobold.

Vanquished Creatures
  4 adders
  An ooze (D:2)
  2 worms (D:2)
  2 dart slugs (D:2)
  3 leopard geckos
  6 giant cockroaches
  12 goblins
  5 hobgoblins
  5 jackals
  7 kobolds
  5 bats
  4 frilled lizards
  8 rats
64 creatures vanquished.

Notes
Turn   | Place    | Note
-------+----------+-------------------------------------------
     0 | D:1      | Chiseanne the Demonspawn Wanderer began the quest for the
                  | Orb.
     0 | D:1      | Chiseanne set off with the following items: a +2 hand axe,
                  | a +0 ring mail, a potion of curing, a ration
     0 | D:1      | Reached XP level 1. HP: 19/19 MP: 1/1
   288 | D:1      | Gained mutation: Your movements are slightly less
                  | encumbered by armour. (ER -2) [demonic ancestry]
   288 | D:1      | Reached XP level 2. HP: 25/25 MP: 2/2
   475 | D:1      | Reached skill level 1 in Dodging
   494 | D:1      | Reached skill level 1 in Armour
   841 | D:2      | Found a snail-covered altar of Cheibriados.
   862 | D:2      | Gained mutation: You have sharp fingernails. [demonic
                  | ancestry]
   862 | D:2      | Reached XP level 3. HP: 30/31 MP: 3/3
  1448 | D:2      | Gained mutation: You regenerate a little health from kills.
                  | [demonic ancestry]
  1448 | D:2      | Reached XP level 4. HP: 35/38 MP: 4/4
  2493 | D:3      | Noticed Grinder
  2496 | D:3      | Paralysed by Grinder for 7 turns
  2522 | D:3      | Slain by Grinder

Illustrated notes

Levels and vault maps discovered:
D:1:      zelgadis_glass_arrival_small, layout_basic, kennysheep_nondescript,
          minmay_crystal_room
D:2:      minmay_wonky_spiral, layout_basic, cheibriados_altar_1, st_stairs_10
D:3:      layout_rooms, skrybe_limestone_x, uniq_grinder

Skill      XL: |  1  2  3  4 |
---------------+-------------+-----
Dodging        | 1 2 |  2.0
Armour         | 1 2 |  2.0
Fighting       | |  4.8
Axes           | |  3.6
Shields        | |  1.0
Spellcasting   | |  0.4
Evocations     | |  1.0

Action                   |  1- 3 |  4- 6 || total
-------------------------+-------+-------++-------
Melee: Hand axe          |   105 |    58 ||   163
       Dagger            |       |    13 ||    13
  Use: Scroll            |     6 |     4 ||    10
       Potion            |       |     2 ||     2
  Eat: Chunk             |     2 |     3 ||     5
Armor: Ring mail         |     4 |       ||     4
       Scale mail        |    47 |    38 ||    85
Dodge: Dodged            |    53 |    38 ||    91

Table legend:
 A = Non-vault XP
 B = Vault XP
 C = Vault XP percentage of total XP
 D = Non-vault monster count
 E = Vault monster count
 F = Vault count percentage of total count
                 A         B        C        D         E       F
            +---------+---------+-------+---------+---------+-------
      Total |     145 |      25 |  14.7 |      58 |       6 |   9.4
            +---------+---------+-------+---------+---------+-------
        D:1 |      38 |       0 |   0.0 |      23 |       0 |   0.0
        D:2 |      56 |      25 |  30.9 |      18 |       6 |  25.0
        D:3 |      51 |       0 |   0.0 |      17 |       0 |   0.0
            +---------+---------+-------+---------+---------+-------
